AoeStats
← caesarcaesar

Nomad

508350986Analyzed
2v2 RM · 9d ago on Sep 22, 2026· 69m 55s· 4 players
Game mode
Random Map
Map size
176×176
Population
200
Speed
Normal
Resources
Standard
Victory
Conquest
Starting age
Dark Age
Ending age
Imperial Age
RankedLock teamsTeams togetherTeam positionsShared explorationLock speedFull tech treeHidden civsTurbo modeCheats
Victory
Defeat
🇦🇷 Spanish · Argentina
1267
+15
🇦🇷 Romans · Argentina
1261
+15
🇺🇸 Koreans · United States
1256
-15
🇺🇸 Spanish · United States
1237
-15
terrypk1
15:57 Feudal Age
14:44 Loom
16:00 Man-at-Arms
16:51 Double-Bit Axe
16:57 Fishing Lines
25:01 Castle Age
23:14 Gold Mining
23:18 Stone Mining
25:56 Squires
28:46 Bow Saw
29:56 Gillnets
35:32 Wheelbarrow
36:07 Fletching
38:03 Horse Collar
43:31 Imperial Age
42:18 Gold Shaft Mining
41:36 Gambesons
42:18 Squires
43:11 Ballistics
43:13 Bodkin Arrow
44:30 Bracer
44:31 Scale Mail Armor
44:59 Conscription
46:49 Chain Mail Armor
47:54 Hand Cart
48:18 Arson
47:54 Long Swordsman
49:28 Two-Handed Swordsman
50:03 Capped Ram
51:59 Forging
52:26 Town Watch
52:07 Champion
54:50 Chemistry
55:34 Elite Skirmisher
56:19 Thumb Ring
67:43 Stone Shaft Mining
caesarcaesar
3:45 Loom
13:38 Feudal Age
14:08 Double-Bit Axe
18:12 Castle Age
16:45 Stone Mining
16:55 Fletching
18:58 Bodkin Arrow
19:47 Bow Saw
22:15 Padded Archer Armor
24:09 Wheelbarrow
25:38 Town Watch
27:55 Scale Mail Armor
31:48 Gold Mining
32:49 Fervor
33:22 Hand Cart
34:07 Leather Archer Armor
35:59 Horse Collar
36:47 Sanctity
41:08 Imperial Age
39:43 Scale Barding Armor
40:17 Ballistics
40:04 Light Cavalry
40:08 Pikeman
42:28 Masonry
42:38 Husbandry
43:13 Ring Archer Armor
42:54 Forging
43:13 Conscription
44:11 Architecture
44:35 Bloodlines
46:25 Hussar
48:07 Hoardings
48:49 Elite Skirmisher
53:28 Chemistry
57:05 Block Printing
57:15 Illumination
61:30 Redemption
64:49 Theocracy
69:55 Fishing Lines
KingCobraCar
5:24 Loom
16:05 Feudal Age
20:51 Castle Age
20:22 Double-Bit Axe
21:54 Bloodlines
23:59 Forging
26:32 Horse Collar
27:07 Fletching
36:33 Imperial Age
34:58 Bodkin Arrow
37:21 Bracer
38:56 Chemistry
44:24 Heavy Plow
44:35 Bow Saw
47:56 Padded Archer Armor
52:09 Wheelbarrow
52:11 Light Cavalry
53:47 Conscription
54:17 Masonry
60:15 Iron Casting
59:47 Scale Barding Armor
63:27 Hussar
67:26 Chain Barding Armor
68:07 Blast Furnace
69:15 Husbandry
MTCenturion13
12:28 Loom
15:51 Feudal Age
17:08 Man-at-Arms
25:53 Double-Bit Axe
32:16 Scale Mail Armor
34:42 Castle Age
35:18 Castle Age
34:32 Padded Archer Armor
36:17 Horse Collar
36:46 Elite Skirmisher
38:02 Leather Archer Armor
39:03 Fletching
39:29 Chain Mail Armor
52:01 Imperial Age
50:07 Wheelbarrow
49:20 Town Watch
49:43 Long Swordsman
50:26 Squires
54:53 Legionary
56:20 Conscription
56:23 Forging
58:58 Iron Casting
63:05 Blast Furnace
63:58 Comitatenses
Connection lost

Rejoining the realm…

Still unreachable

The connection could not be restored.

Session expired

The server has moved on; the page needs a fresh start.